 Dungeon Crawl Stone Soup version 0.29.0-4-gdea44cf6ec (webtiles) character file.

Game seed: 9465366033598899746

2 qw the Sneak (level 1, -4/14 HPs)
             Began as a Gargoyle Delver on Sept 10, 2022.
             Slain by an iguana (12 damage)
             ... on level 4 of the Dungeon.
             The game lasted 00:00:01 (20 turns).

qw the Sneak (Gargoyle Delver)                        Turns: 20, Time: 00:00:01

Health: -4/14      AC:  5    Str: 15    XL:     1   Next: 30%
Magic:  1/1        EV: 11    Int: 10    God:
Gold:   14         SH:  0    Dex: 11    Spells: 0/0 levels left

rFire   . . .      SeeInvis .   a - +0 hand axe
rCold   . . .      Faith    .   (no shield)
rNeg    + . .      Spirit   .   b - +0 leather armour
rPois   inf        Reflect  .   (no helmet)
rElec   +          Harm     .   (no cloak)
rCorr   .          Rampage  .   (no gloves)
Will    .....                   (no boots)
Stlth   +.........              (no amulet)
HPRegen 0.04/turn               (no ring)
MPRegen 0.07/turn               (no ring)

@: confused
A: sickness immunity, AC +2, negative energy resistance 1, electricity
resistance, torment resistance 1, petrification resistance
a: no special abilities


You were on level 4 of the Dungeon.
You visited 1 branch of the dungeon, and saw 2 of its levels.

You collected 14 gold pieces.


Innate Abilities, Weirdness & Mutations

You are immune to sickness and miasma.
Your stone body is resilient. (AC +2)
You are immune to poison.
You resist negative energy. (rN+)
You are resistant to electric shocks. (rElec)
You are resistant to unholy torment.
You are immune to petrification.


   Skills:
 - Level 3.2 Fighting
 + Level 2.0 Axes
 - Level 1.5 Dodging
 - Level 5.4 Stealth


You couldn't memorise any spells.
You didn't know any spells.
Your spell library was empty.

Inventory:

Hand Weapons
 a - a +0 hand axe (weapon)
Armour
 b - a +0 leather armour (worn)
Wands
 g - a wand of digging (3)
Potions
 f - a potion of haste

Dungeon Overview and Level Annotations

Branches:
Dungeon (5/15)
 Temple: D:4-7

Altars:


Message History

You hit the orc wizard.
The orc wizard is moderately wounded.
The orc wizard barely misses you.
You closely miss the orc wizard.
The orc wizard is moderately wounded.
You hit the orc but do no damage. The orc barely misses you.
The orc wizard closely misses you. The adder bites you but does no damage.
You hit the orc wizard.
The orc wizard is heavily wounded.
You miss the adder. You hit the orc but do no damage. You hit the orc.
You hit the iguana. The adder closely misses you. The orc misses you.
The iguana bites you.
The orc wizard hits you with a +1 dagger of venom.
The orc hits you but does no damage. The orc closely misses you.
You barely miss the orc wizard.
The orc wizard is heavily wounded.
You miss the adder. You barely miss the orc. You hit the orc.
You barely miss the iguana. The adder barely misses you. The iguana bites you.
The orc hits you but does no damage. The adder barely misses you.
The orc hits you but does no damage.
You hit the orc.
You kill the orc!
You hit the orc wizard. You barely miss the orc wizard.
You hit the iguana but do no damage. You closely miss the adder.
The orc wizard casts a spell at you.
You are confused.
The iguana barely misses you. The adder barely misses you.
The orc wizard misses you. The orc closely misses you. x2
The orc wizard barely misses you. The iguana barely misses you.
Your Axes skill increases to level 2!
You miss the iguana. Your punch misses the iguana.
The iguana is lightly wounded.
You hit the orc wizard.
You hit the orc wizard but do no damage.
You hit the orc but do no damage. You barely miss the orc. You miss the adder.
The adder closely misses you. The iguana bites you!
Ouch! That really hurt!
You die...

8...?.......#
............#
............#
............#
~...........#
~...........#
~.....ooS...#
~.....o@o...#
~~....l...###
~~........#
~~........+
~~........#
~~........#
~~........#
~~........#


You could see an iguana, 2 orc wizards, an adder and 2 orcs.

Vanquished Creatures
  An orc (D:4)
1 creature vanquished.

Notes
Turn   | Place    | Note
-------+----------+-------------------------------------------
     0 | D:5      | qw the Gargoyle Delver began the quest for the Orb.
     0 | D:5      | Reached XP level 1. HP: 14/14 MP: 1/1
     0 | D:5      | 0 ||| qw: Version: 0.1-a-116-g5d60599
     0 | D:5      | 0 ||| qw: Game counter: 7888
     0 | D:5      | 0 ||| qw: Always use a shield: true
     0 | D:5      | 0 ||| qw: God list: Okawaru
     0 | D:5      | 0 ||| qw: Allow faded altars: false
     0 | D:5      | 0 ||| qw: Do Orc after D:15 true
     0 | D:5      | 0 ||| qw: Do second Lair branch before Depths: true
     0 | D:5      | 0 ||| qw: Lair rune preference: random
     0 | D:5      | 0 ||| qw: Plans: Normal
     0 | D:5      | 0 ||| PLANNING D:1-11
     5 | D:5      | 5 ||| DROPPING scroll of fog.
     6 | D:5      | 6 ||| DROPPING scroll of magic mapping.
     7 | D:5      | 7 ||| DROPPING scroll of fear.
    14 | D:4      | Noticed an orc wizard
    14 | D:4      | Noticed an orc wizard
    14 | D:4      | Noticed an iguana
    15 | D:4      | 15 ||| PLANNING OSSUARY
    20 | D:4      | Slain by an iguana

Levels and vault maps discovered:
D:4:      wander_river, layout_gridville, slow_altar_1,
          nicolae_ossuary_entry_giza, hellmonk_ghost_happy_afterlife
D:5:      layout_basic, nicolae_ru_path_of_blood, serial_shops, shop,
          uniq_sigmund

Skill      XL: |  1 |
---------------+----+-----
Axes           | 2 |  2.0
Fighting       | |  3.2
Dodging        | |  1.5
Stealth        | |  5.4

Action                   || total
-------------------------++-------
Melee: Hand axe          ||     6
Armor: Leather armour    ||     4
Dodge: Dodged            ||    16

Table legend:
 A = Non-vault XP
 B = Vault XP
 C = Vault XP percentage of total XP
 D = Non-vault monster count
 E = Vault monster count
 F = Vault count percentage of total count
                 A         B        C        D         E       F
            +---------+---------+-------+---------+---------+-------
      Total |       3 |       0 |   0.0 |       1 |       0 |   0.0
            +---------+---------+-------+---------+---------+-------
        D:4 |       3 |       0 |   0.0 |       1 |       0 |   0.0
            +---------+---------+-------+---------+---------+-------
